 Dungeon Crawl Stone Soup version 0.29.1-12-g30fa7ad0bf (webtiles) character file.

Game seed: 13199833995077723505

12218 cheesebisquit the Severer (level 11, -13/85 HPs)
             Began as a Minotaur Berserker on Dec 23, 2022.
             Was an Elder of Trog.
             Mangled by a boulder beetle (54 damage)
             ... on level 11 of the Dungeon on Dec 24, 2022.
             The game lasted 00:41:51 (9101 turns).

cheesebisquit the Severer (Minotaur Berserker)      Turns: 9101, Time: 00:41:51

Health: -13/85     AC: 16    Str: 31    XL:     11   Next: 59%
Magic:  10/10      EV:  8    Int:  4    God:    Trog [****..]
Gold:   740        SH:  7    Dex:  9    Spells: 10/10 levels left

rFire   . . .      SeeInvis +   f - +2 war axe
rCold   . . .      Faith    .   y - +0 buckler
rNeg    . . .      Spirit   .   X - +0 plate armour
rPois   .          Reflect  .   L - +2 hat
rElec   .          Harm     .   t - +0 cloak
rCorr   .          Rampage  .   Q - +0 pair of gloves
Will    .....                   (no boots)
Stlth   ..........              e - amulet of regeneration
HPRegen 1.04/turn               k - ring of see invisible
MPRegen 0.12/turn               A - +6 ring of strength

@: on berserk cooldown
A: horns 2, retaliatory headbutt, clumsy 1, evolution 1, MP-powered wands
a: Renounce Religion, Berserk, Trog's Hand, Brothers in Arms


You were on level 11 of the Dungeon.
You worshipped Trog.
Trog was greatly pleased with you.
You visited 1 branch of the dungeon, and saw 11 of its levels.

You collected 740 gold pieces.

Inventory:

Hand Weapons
 b - a +0 sling
 f - a +2 war axe (weapon)
 K - the +5 hand axe of the Extremes {freeze, MP+9 Dex+3 Stlth+}
   (You found it on level 7 of the Dungeon)

   It freezes those it strikes, dealing additional cold damage.
   It can also slow down cold-blooded creatures.
   Dex:       It affects your dexterity (+3).
   MP:        It affects your magic capacity (+9).
   Stlth:     It makes you more stealthy.
Missiles
 a - 5 silver javelins
 h - 80 poisoned darts (quivered)
 i - 106 stones
 B - 4 datura-tipped darts
 H - 4 curare-tipped darts
 Y - 4 throwing nets
Armour
 t - a +0 cloak (worn)
 y - a +0 buckler (worn)
 L - a +2 hat (worn)
 Q - a +0 pair of gloves (worn)
 X - a +0 plate armour (worn)
Jewellery
 e - an amulet of regeneration (around neck)
 k - a ring of see invisible (left hand)
 l - an amulet of magic regeneration
 A - a +6 ring of strength (right hand)
 S - a +6 ring of dexterity
 W - a ring of fire
Wands
 x - a wand of roots (21)
 M - a wand of mindburst (18)
 N - a wand of digging (1)
 R - a wand of quicksilver (5)
Scrolls
 g - a scroll of poison
 j - 2 scrolls of fog
 o - 4 scrolls of teleportation
 q - a scroll of brand weapon {unknown}
 s - a scroll of torment {unknown}
 w - 2 scrolls of blinking
 C - a scroll of immolation {unknown}
 D - 2 scrolls of magic mapping
 F - a scroll of silence {unknown}
 O - 2 scrolls of enchant armour {unknown}
 T - a scroll of summoning {unknown}
Potions
 d - a potion of lignification
 m - 5 potions of flight
 n - a potion of cancellation
 r - 5 potions of curing
 u - 3 potions of attraction
 E - a potion of resistance
 G - a potion of ambrosia
 I - 2 potions of mutation
 P - a potion of magic
 U - a potion of might


   Skills:
 - Level 4.6 Fighting
 + Level 15.6 Axes
 - Level 3.9 Armour
 - Level 3.4 Dodging
 + Level 14.9 Shields


You had 10 spell levels left.
You didn't know any spells.
Your spell library was empty.

Dungeon Overview and Level Annotations

Branches:
Dungeon (11/15)            Temple (0/1) D:5             Orc (0/2) D:9
   Lair: D:8-11

Altars:
Dithmenos
Fedhas
Gozag
Okawaru
Sif Muna
Zin


Innate Abilities, Weirdness & Mutations

You have a pair of horns on your head.
You reflexively headbutt those who attack you in melee.
You are clumsy. (Dex -2)
You have hidden genetic potential.
You expend magic power (3 MP) to strengthen your wands.


Message History

The boulder beetle bites you. The boulder beetle barely misses you.
You hit the boulder beetle but do no damage.
The boulder beetle is severely wounded.
The boulder beetle bites you!
You slash the boulder beetle!
The boulder beetle is almost dead.
The boulder beetle bites you!!
You barely miss the boulder beetle.
You headbutt the boulder beetle, but do no damage.
The boulder beetle is almost dead.
The boulder beetle bites you!!
* * * LOW HITPOINT WARNING * * *
You feel much better. The boulder beetle bites you.
* * * LOW HITPOINT WARNING * * *
The boulder beetle leaps!
You feel much better.
The boulder beetle curls into a ball and begins rolling!
The boulder beetle hits you!!
The boulder beetle stops rolling and uncurls.
You hit the boulder beetle but do no damage.
You headbutt the boulder beetle.
The boulder beetle is almost dead.
The boulder beetle bites you but does no damage.
You hit the boulder beetle but do no damage.
The boulder beetle is almost dead.
You block the boulder beetle's attack.
You hit the boulder beetle but do no damage.
You headbutt the boulder beetle, but do no damage.
The boulder beetle is almost dead.
You block the boulder beetle's attack. The boulder beetle bites you.
You hit the boulder beetle but do no damage.
The boulder beetle is almost dead.
The boulder beetle leaps!
You feel yourself speed up.
The boulder beetle curls into a ball and begins rolling!
You start resting.
A boulder beetle is nearby!
The boulder beetle hits you!!!
Ouch! That really hurt!
You die...

..........#...#......[...#
.<........#...##...##....#
..##.####.##..##...#######
#+##'########'##.........#
..#......................#
..'......................#
..#......................#
..#..........°°B.........#
.###.######...##@..####+##
.###.######...##...###...#
.#.......#...............#
.#.......'...............#
##########################


You could see a boulder beetle (rolling).

Vanquished Creatures
  Harold (D:11)
  A salamander tyrant (D:10)
  Erica (D:8)
  A two-headed ogre (D:11)
  Urug (D:10)
  2 smoke demons (D:10)
  An unseen horror (D:11)
  Grinder (D:6)
  Sigmund (D:6)
  A spriggan (D:7)
  A wraith (D:11)
  Eustachio (D:5)
  2 vampires (D:11)
  12 yaks
  A fire elemental (D:10)
  4 fire bats (D:10)
  2 steam dragons (D:8)
  Menkaure (D:6)
  Edmund (D:4)
  2 acid dragons (D:10)
  2 water moccasins (D:7)
  Duvessa (D:7)
  A sky beast (D:7)
  2 ice beasts
  3 orc warriors
  2 centaurs
  2 phantoms
  Blork the orc (D:5)
  3 gnoll sergeants
  8 kobold brigands
  4 bullfrogs
  2 scorpions
  An elf zombie (D:6)
  A necrophage (D:5)
  An elf skeleton (D:6)
  7 wights
  Dowan (D:7)
  A quasit (D:8)
  6 orc priests
  4 hounds
  4 jellies
  Ijyb (D:5)
  2 iguanas (D:5)
  A human skeleton (D:6)
  13 orc wizards
  16 gnolls
  6 adders
  A shadow imp (D:8)
  3 white imps (D:8)
  5 ufetubi
  2 dart slugs
  44 orcs
  5 bats
  6 endoplasms
  2 giant cockroaches (D:3)
  9 goblins
  10 hobgoblins
  11 jackals
  4 quokkas
  9 ball pythons
  3 frilled lizards
  44 kobolds
  An orc skeleton (D:6)
  2 orc zombies (D:6)
  7 rats
302 creatures vanquished.

Vanquished Creatures (others)
  6 demonic plants (D:8)
6 creatures vanquished.

Grand Total: 308 creatures vanquished

Notes
Turn   | Place    | Note
-------+----------+-------------------------------------------
     0 | D:1      | cheesebisquit the Minotaur Berserker began the quest for
                  | the Orb.
     0 | D:1      | Reached XP level 1. HP: 19/19 MP: 0/0
   280 | D:1      | Reached XP level 2. HP: 18/27 MP: 1/1
   502 | D:1      | Reached skill level 4 in Axes
   906 | D:2      | Reached ** piety under Trog
   991 | D:2      | Reached XP level 3. HP: 32/33 MP: 2/2
  1498 | D:3      | Reached XP level 4. HP: 40/40 MP: 3/3
  2061 | D:3      | Found a shimmering blue altar of Sif Muna.
  2070 | D:3      | Reached XP level 5. HP: 47/47 MP: 4/4
  2512 | D:4      | Reached skill level 1 in Shields
  2622 | D:4      | Noticed a phantom
  2631 | D:4      | Killed a phantom
  2632 | D:4      | Reached skill level 5 in Axes
  2634 | D:4      | Identified the +2 mace of the Sky {venom, rF+ rCorr Str+3
                  | Int+4}
  2761 | D:4      | Reached XP level 6. HP: 38/53 MP: 5/5
  2914 | D:4      | You fall into a shaft and drop 2 floors!
  2951 | D:6      | Reached skill level 6 in Axes
  2956 | D:5      | Entered Level 5 of the Dungeon
  3062 | D:5      | Found a staircase to the Ecumenical Temple.
  3175 | D:4      | Found an iron altar of Okawaru.
  3181 | D:4      | Reached *** piety under Trog
  3186 | D:4      | Found a blossoming altar of Fedhas.
  3358 | D:5      | Noticed Edmund
  3391 | D:4      | Killed Edmund
  3392 | D:4      | Reached XP level 7. HP: 60/60 MP: 6/6
  3415 | D:5      | Reached skill level 7 in Axes
  3426 | D:5      | Reached skill level 5 in Shields
  3585 | D:5      | Noticed Eustachio
  3595 | D:5      | Killed Eustachio
  3625 | D:5      | Noticed Blork the orc
  3635 | D:5      | Killed Blork the orc
  3636 | D:5      | Reached skill level 8 in Axes
  3698 | D:5      | Reached XP level 8. HP: 67/67 MP: 7/7
  3845 | D:5      | Noticed Ijyb
  3853 | D:5      | Killed Ijyb
  3988 | D:6      | Noticed Grinder
  3993 | D:6      | Killed Grinder
  3994 | D:6      | Reached skill level 9 in Axes
  4081 | D:6      | Found a shadowy altar of Dithmenos.
  4338 | D:6      | Reached skill level 10 in Axes
  4429 | D:6      | Reached XP level 9. HP: 72/72 MP: 8/8
  4479 | D:6      | Noticed Sigmund
  4486 | D:6      | Killed Sigmund
  4498 | D:6      | Noticed Menkaure
  4503 | D:6      | Killed Menkaure
  4888 | D:7      | Reached skill level 11 in Axes
  4969 | D:7      | Reached skill level 10 in Shields
  5079 | D:7      | Noticed Dowan
  5080 | D:7      | Noticed Duvessa
  5100 | D:7      | Killed Duvessa
  5108 | D:7      | Killed Dowan
  5141 | D:7      | Identified the +5 hand axe of the Extremes {freeze, MP+9
                  | Dex+3 Stlth+}
  5364 | D:8      | Noticed Erica
  5375 | D:8      | Killed Erica
  5376 | D:8      | Reached skill level 12 in Axes
  5376 | D:8      | Reached XP level 10. HP: 62/80 MP: 9/9
  5693 | D:8      | Found a glowing silver altar of Zin.
  5775 | D:8      | Reached **** piety under Trog
  5846 | D:8      | Found an opulent altar of Gozag.
  5958 | D:9      | Reached skill level 13 in Axes
  6134 | D:9      | Found a staircase to the Orcish Mines.
  6391 | D:9      | Identified the +7 trident "Kirehyek" {antimagic, Str+2}
  7128 | D:10     | Entered Level 10 of the Dungeon
  7128 | D:10     | Noticed Urug
  7140 | D:10     | Killed Urug
  7248 | D:10     | Reached skill level 14 in Axes
  7455 | D:10     | Noticed a salamander tyrant
  7477 | D:10     | Killed a salamander tyrant
  7478 | D:10     | Reached XP level 11. HP: 76/85 MP: 10/10
  7533 | D:10     | HP: 5/127 [smoke demon/divine providence (9)]
  7535 | D:10     | Gained mutation: You expend magic power (3 MP) to
                  | strengthen your wands. [potion of mutation]
  7535 | D:10     | Gained mutation: You are clumsy. (Dex -2) [potion of
                  | mutation]
  7535 | D:10     | Gained mutation: You have hidden genetic potential. [potion
                  | of mutation]
  8518 | D:11     | Noticed Harold
  8529 | D:11     | Killed Harold
  8583 | D:11     | Reached skill level 15 in Axes
  8613 | D:11     | Noticed a two-headed ogre
  8625 | D:11     | Killed a two-headed ogre
  9061 | D:11     | Noticed a boulder beetle
  9101 | D:11     | Mangled by a boulder beetle

Illustrated notes

Levels and vault maps discovered:
D:1:      saegor_arrival_miasma, layout_basic, serial_curves, eino_curves_01,
          eino_curves_03, eino_curves_02
D:2:      layout_loops_cross
D:3:      layout_loops_ring, kennysheep_orc_sif_temple, kennysheep_cross_room,
          minmay_surrounded
D:4:      layout_loops_ring, minitemple, grunt_ministairs_8
D:5:      layout_gridville, minmay_temple_entry_statues_pillars,
          uniq_blork_the_orc, uniq_eustachio, uniq_edmund, uniq_ijyb
D:6:      layout_loops_cross, grunt_dithmenos_smoke,
          nicolae_ossuary_entry_catacombs, uniq_menkaure, uniq_sigmund,
          uniq_grinder
D:7:      layout_rooms, minivault_23, the_hattery, uniq_duvessa
D:8:      layout_cave_pools, pdpol_temple_overflow_zin_treasury_gozag_greed,
          serial_demonic, serial_demonic_d, serial_demonic_g, serial_demonic_b,
          serial_demonic_g, serial_demonic_c, uniq_erica
D:9:      layout_layer_cave, orc_0_dummy, enter_bailey_3
D:10:     minmay_firetagon, layout_loops_corners, item_on_display_a, uniq_urug
D:11:     layout_gridville, erik_lair_dragon, kennysheep_pointless_box,
          uniq_harold

Skill      XL: |  1  2  3  4  5  6  7  8  9 10 11 |
---------------+----------------------------------+-----
Axes           | 4 5 6 8 10 12 14 15 | 15.6
Fighting       | 4 |  4.6
Armour         | 3 |  3.9
Dodging        | 3 |  3.4
Shields        | 2 4 6 8 11 13 14 | 14.9

Action                   |  1- 3 |  4- 6 |  7- 9 | 10-12 || total
-------------------------+-------+-------+-------+-------++-------
Melee: Hand axe          |    73 |   140 |   109 |       ||   322
       Headbutt          |     8 |    23 |    44 |    72 ||   147
       War axe           |       |       |   116 |   357 ||   473
Invok: Berserk           |       |     2 |     9 |    13 ||    24
       Trog's Hand       |       |     2 |     8 |     4 ||    14
  Use: Scroll            |       |     8 |     6 |     5 ||    19
       Potion            |       |       |       |     7 ||     7
Armor: Scale mail        |    46 |     4 |       |       ||    50
       Chain mail        |       |    67 |    87 |   112 ||   266
       Plate armour      |       |       |       |    50 ||    50
       Skin              |       |       |       |    31 ||    31
Dodge: Dodged            |    45 |    57 |    92 |   102 ||   296
Block: Buckler           |       |    24 |    51 |   107 ||   182
